 Dungeon Crawl Stone Soup version 0.27-a0-1188-g73eefd5def (webtiles) character file.

Game seed: 14027379277890445092

29999 robertstho the Thaumaturge (level 13, -7/93 HPs)
             Began as a Djinni Fire Elementalist on May 21, 2021.
             Was an Initiate of Gozag.
             Mangled by Boykkour's ghost (23 damage)
             ... on level 3 of the Lair of Beasts.
             The game lasted 00:38:52 (23273 turns).

robertstho the Thaumaturge (DjFE)                  Turns: 23273, Time: 00:38:53

Health: -7/93      AC:  5    Str:  7    XL:     13   Next: 85%
Gold:   2129       EV:  6    Int: 28    God:    Gozag SH: 26 Dex: 14

rFire    + + +     SeeInvis +   C - +3 scimitar (freeze)
rCold    x . .     Faith    .   B - +18 shield of the Gong {rElec rN+ Will+ EV-5}
rNeg     + . .     Spirit   .   a - +0 robe
rPois    ∞         Reflect  .   G - +0 helmet of the Gloaming {Drain rC- Slay+5 SInv}
rElec    +         Harm     .   T - scarf {rC+ rF+}
rCorr    .         Rampage  .   W - +1 pair of gloves
Will     ++...                  (boots unavailable)
Stlth    +++.......             (no amulet)
HPRegen  0.25/turn              K - +6 ring of intelligence
MPRegen  0.00/turn              i - ring of wizardry

@: on berserk cooldown, flying, slowed, very slow
A: sickness immunity, fire resistance 2, cold vulnerability 1, float, innate
caster, hp casting, extra vitality 1
a: Renounce Religion, Potion Petition, Call Merchant, Bribe Branch


You were on level 3 of the Lair of Beasts.
You worshipped Gozag.
Gozag was most pleased with you.
You visited 2 branches of the dungeon, and saw 15 of its levels.
You also visited: Gauntlet.

You collected 3216 gold pieces.
You spent 988 gold pieces at shops.
You paid 99 gold pieces to Gozag.

Inventory:

Hand Weapons
 r - the +9 battleaxe of Eteuppic {elec, rN+}
   (You bought it in a shop on level 8 of the Dungeon)

   Occasionally, upon striking a foe, it can discharge electrical energy and
   cause terrible harm.
   It protects you from negative energy.
 C - a +3 scimitar of freezing (weapon)
 O - the +8 whip "Snakebite" {curare, rPois}
   (You found it on level 1 of the Lair of Beasts)

   It poisons the flesh of those it strikes.
   It protects you from poison.
Missiles
 j - 8 atropa-tipped darts
 E - 4 throwing nets
Armour
 a - a +0 robe (worn)
 m - a +0 cloak
 B - the +18 shield of the Gong (worn) {rElec rN+ Will+ EV-5}
   (You found it on level 8 of the Dungeon)

   It affects your evasion (-5).
   It insulates you from electricity.
   It protects you from negative energy.
   It increases your willpower.
 G - the +0 helmet of the Gloaming (worn) {Drain rC- Slay+5 SInv}
   (You found it in a Gauntlet)

   It affects your accuracy and damage with ranged weapons and melee attacks
   (+5).
   It makes you vulnerable to cold.
   It lets you see invisible.
   It drains your maximum health when unequipped.
 T - a scarf of resistance (worn)
 W - a +1 pair of gloves (worn)
Jewellery
 g - a ring of positive energy
 i - a ring of wizardry (right hand)
 A - the necklace of Bloodlust {*Rage +Rage Will++ Int-3 Slay+6}
   (You found it in a Gauntlet)

   [amulet of nothing]

   It affects your intelligence (-3).
   It affects your accuracy and damage with ranged weapons and melee attacks
   (+6).
   It lets you go berserk.
   It may make you go berserk in combat.
   It greatly increases your willpower.
 K - a +6 ring of intelligence (left hand)
 Q - a ring of resist corrosion
Wands
 e - a wand of paralysis (6)
 z - a wand of iceblast (7)
 H - a wand of mindburst (10)
 J - a wand of flame (17)
 L - a wand of charming (10)
 U - a wand of polymorph (5)
Scrolls
 c - a scroll of torment
 n - 3 scrolls of magic mapping
 o - 3 scrolls of teleportation
 q - 5 scrolls of enchant armour
 s - 4 scrolls of fog
 u - a scroll of blinking
 w - 5 scrolls of enchant weapon
 x - 3 scrolls of fear
 y - 2 scrolls of vulnerability
 D - 3 scrolls of summoning
 M - a scroll of immolation {unknown}
 P - 3 scrolls of identify
 V - a scroll of holy word {unknown}
Potions
 b - a potion of heal wounds
 d - a potion of berserk rage
 f - 2 potions of attraction {unknown}
 h - a potion of magic {unknown}
 k - 6 potions of flight
 l - 5 potions of brilliance
 t - a potion of might
 v - a potion of lignification
 F - 10 potions of degeneration
 N - a potion of invisibility {unknown}
 R - a potion of cancellation {unknown}
Miscellaneous
 p - a lightning rod (inert)


   Skills:
 * Level 8.6 Fighting
 + Level 2.9 Long Blades
 + Level 1.2 Axes
 + Level 4.7 Dodging
 + Level 5.5 Stealth
 + Level 3.7 Shields
 * Level 14.3 Spellcasting
 + Level 0.1 Evocations


You had 7 spell levels left.
You knew the following spells:

 Your Spells              Type           Power      Damage    Failure   Level
a - Foxfire               Conj/Fire      100%       2x1d9     1%          1
b - Conjure Flame         Conj/Fire      79%        6-21      1%          3
c - Inner Flame           Hex/Fire       79%        N/A       1%          3
d - Sticky Flame          Conj/Fire      79%        2d9       1%          4
e - Fireball              Conj/Fire      39%        3d16      1%          5
f - Beastly Appendage     Tmut           100%       N/A       1%          1
g - Poisonous Vapours     Pois/Air       100%       N/A       1%          2
h - Passwall              Tmut/Erth      65%        N/A       1%          2
i - Summon Guardian Gole  Hex/Summ       79%        N/A       1%          3
j - Hailstorm             Conj/Ice       79%        3d16      1%          4
k - Lightning Bolt        Conj/Air       39%        1d58      1%          5
Your spell library was empty.

Dungeon Overview and Level Annotations

Branches:
Dungeon (12/15)            Temple (0/1) D:5            Lair (3/6) D:9
  Snake (0/4) Lair:2          Orc (0/2) D:9         Gauntlet (visited)
  Swamp: Lair:2-4    Shoals: Lair:2-4

Altars:
Cheibriados
Fedhas
Gozag
Nemelex Xobeh
Qazlal
Vehumet
Wu Jian
Zin

Shops:
D:4 ?   D:8 (

Annotations:
D:4 Scroll shop
D:8 379 battleaxe
D:12 Frances
Lair:3 Boykkour's ghost, journeyman PaFi; Tulew's ghost, journeyman NaTm


Innate Abilities, Weirdness & Mutations

You are immune to sickness and miasma.
You are immune to poison.
Your flesh is very heat resistant. (rF++)
You are vulnerable to cold. (rC-)
You float through the air rather than walking.
You learn spells naturally, not from books.
Your magical power is your life essence.
You have superior vitality. (+4 HP)


Message History

Unknown command.
You barely miss Boykkour's ghost.
Boykkour's ghost is almost destroyed.
You are no longer berserk.
You are exhausted.
You feel yourself slow down. You block Boykkour's ghost's attack.
SHROANNG!
Boykkour's ghost hits you.
Casting: Fireball (mildly dangerous; 1% risk of failure)
Confirm with . or Enter, or press ? or * to list all spells.
A guardian golem appears, shielding your allies.
You block Boykkour's ghost's attack.
GONNNNG!
Boykkour's ghost hits your guardian golem!! x2
Your guardian golem overheats!
Boykkour's ghost hits your guardian golem!!
Flame seeps out of your guardian golem.
Boykkour's ghost barely misses your guardian golem.
Your guardian golem is engulfed in blazing flames.
Flame seeps out of your guardian golem.
Boykkour's ghost hits your guardian golem!!
Your guardian golem explodes!
The fiery explosion engulfs Boykkour's ghost!
Boykkour's ghost resists.
Casting: Summon Guardian Golem (safe; 1% risk of failure)
Confirm with . or Enter, or press ? or * to list all spells.
A guardian golem appears, shielding your allies.
Boykkour's ghost is engulfed in blazing flames.
Unknown command.
You hit Boykkour's ghost.
Boykkour's ghost is almost destroyed.
You block Boykkour's ghost's attack.
GONNNNG!
Boykkour's ghost hits you!!
* * * LOW HITPOINT WARNING * * *
Unknown command.
You feel a little less mighty now. Boykkour's ghost hits you!!
You die...
Your body crumbles into a pile of gold.

##.#.....##.##.........###.####..
###....8.#..#.#.........##.####..
..##...W.##............###.......
..##.....##☼○°##.......###.......
.+.......##...##.............#...
..#P.......§§§..........#...P##..
.###..........#8.......###..###..
..............#.W......P##### #..
#.#P.....#.#P##.@......##P## ##..
##........######.......#...###P..
..##.......................^.....
.........$................:......
.................................
......>..........................
..........##'#####...............
#.#......###.## #....####.'##...
####.....##...####.....# ##.###..


You could see Boykkour's ghost (ally target) and a friendly guardian golem
(summoned).

Vanquished Creatures
  A quicksilver ooze (shapeshifter) (Gauntlet)
  A minotaur (Gauntlet)
  The ghost of Nieclary the Grappler, a journeyman TrTm of Cheibriados (Lair:3)
  The ghost of Nieclary the Grappler, a journeyman TrTm of Cheibriados (Lair:3)
  The ghost of Xiut the Severer, a journeyman MiBe of Trog (Lair:3)
  A hydra (D:11)
  A two-headed ogre (D:9)
  A catoblepas (shapeshifter) (Gauntlet)
  A soul eater (Gauntlet)
  A manticore (D:11)
  Joseph (D:9)
  2 black mambas
  3 cane toads
  5 elephants (Lair:2)
  2 gargoyles (D:11)
  A rime drake (Lair:3)
  Psyche (D:8)
  9 komodo dragons
  2 trolls
  Grinder (D:3)
  A hornet (shapeshifter) (Gauntlet)
  A hornet (D:9)
  2 shadows
  2 wyverns
  3 wraiths (D:11)
  29 yaks
  2 small abominations (Gauntlet)
  3 basilisks
  2 steam dragons (D:7)
  2 vampire mosquitoes (D:11)
  An acid dragon (D:9)
  3 nagas (Lair:2)
  7 water moccasins
  A swamp drake (D:9)
  3 black bears
  3 orc warriors
  An ice beast (D:7)
  2 sky beasts
  4 ogres
  2 necrophages
  A centaur (D:9)
  2 kobold brigands
  13 bullfrogs
  A wyvern zombie (D:7)
  A scorpion (D:9)
  A gnoll sergeant (D:9)
  A water moccasin skeleton (D:5)
  4 killer bees (D:9)
  3 wights (D:8)
  3 electric eels (D:8)
  3 centaur zombies
  2 jellies
  9 orc priests
  3 hounds
  A bullfrog skeleton (D:7)
  Natasha (thrice) (D:3)
  An iguana (D:7)
  8 orc wizards
  A howler monkey zombie (D:9)
  8 gnolls
  8 adders
  6 shadow imps
  A white imp (D:6)
  An ufetubus (D:7)
  32 orcs
  6 endoplasms
  2 giant cockroaches
  2 goblins
  9 hobgoblins
  9 jackals
  2 quokkas (D:2)
  7 ball pythons
  5 bats
  2 frilled lizards
  13 kobolds
  11 rats
296 creatures vanquished.

Vanquished Creatures (others)
  Harold (Lair:1)
  A hydra (Lair:1)
  An elephant (Lair:2)
  A black mamba (Lair:1)
  A komodo dragon (Lair:1)
  A tarantella (shapeshifter) (Gauntlet)
  2 water moccasins (Lair:1)
  A bush (Lair:3)
  496 foxfires
  26 fungi
  35 plants
  5 toadstools (D:5)
  3 withered plants (Gauntlet)
574 creatures vanquished.

Grand Total: 870 creatures vanquished

Notes
Turn   | Place    | Note
-------+----------+-------------------------------------------
     0 | D:1      | robertstho the Djinni Fire Elementalist began the quest for
                  | the Orb.
     0 | D:1      | Reached XP level 1. HP: 15/15 MP: 0/0
   529 | D:1      | Reached XP level 2. HP: 6/21 MP: 0/0
  1162 | D:1      | Reached skill level 3 in Spellcasting
  1382 | D:1      | Reached XP level 3. HP: 24/26 MP: 0/0
  1382 | D:1      | Learned a level 1 spell: Beastly Appendage
  2013 | D:2      | Reached XP level 4. HP: 26/31 MP: 0/0
  2015 | D:2      | Reached skill level 1 in Fighting
  3009 | D:3      | Reached XP level 5. HP: 35/37 MP: 0/0
  3009 | D:3      | Learned a level 2 spell: Poisonous Vapours
  3053 | D:3      | Found a blossoming altar of Fedhas.
  3056 | D:3      | Noticed Natasha
  3062 | D:3      | Killed Natasha
  3063 | D:3      | Reached skill level 4 in Spellcasting
  3179 | D:3      | Found an ornate altar of the Wu Jian Council.
  3302 | D:3      | Noticed Grinder
  3320 | D:3      | Paralysed by Grinder for 3 turns
  3330 | D:3      | Killed Grinder
  3331 | D:3      | Reached XP level 6. HP: 11/43 MP: 0/0
  3682 | D:3      | Noticed Natasha
  3690 | D:3      | Killed Natasha
  3774 | D:3      | Noticed Natasha
  3783 | D:3      | Killed Natasha
  3784 | D:3      | Reached skill level 5 in Spellcasting
  3784 | D:3      | Reached XP level 7. HP: 44/48 MP: 0/0
  3784 | D:3      | Learned a level 2 spell: Passwall
  4168 | D:4      | Found Culaleaph's Magic Scroll Shop.
  4176 | D:4      | Bought a scroll of fog for 28 gold pieces
  4176 | D:4      | Bought a scroll of identify for 28 gold pieces
  4176 | D:4      | Bought a scroll of noise for 14 gold pieces
  4176 | D:4      | Bought a scroll of teleportation for 42 gold pieces
  4785 | D:5      | Entered Level 5 of the Dungeon
  4970 | D:5      | Found a sparkling altar of Nemelex Xobeh.
  5090 | D:5      | Reached skill level 6 in Spellcasting
  5091 | D:5      | Reached XP level 8. HP: 47/55 MP: 0/0
  5152 | D:5      | Found a stormy altar of Qazlal.
  5513 | D:5      | Found a staircase to the Ecumenical Temple.
  5692 | D:5      | Found an opulent altar of Gozag.
  5697 | D:5      | Found a snail-covered altar of Cheibriados.
  5844 | D:5      | Became a worshipper of Gozag Ym Sagoz the Greedy
  6004 | D:6      | Reached skill level 7 in Spellcasting
  6475 | D:6      | Found a glowing silver altar of Zin.
  6612 | D:6      | Reached XP level 9. HP: 50/61 MP: 0/0
  6612 | D:6      | Learned a level 3 spell: Summon Guardian Golem
  7012 | D:4      | Bought a scroll of enchant weapon for 105 gold pieces
  7012 | D:4      | Bought a scroll of fear for 49 gold pieces
  7012 | D:4      | Bought a scroll of vulnerability for 105 gold pieces
  7555 | D:7      | Reached skill level 8 in Spellcasting
  8689 | D:7      | Reached skill level 9 in Spellcasting
  8690 | D:7      | Reached skill level 1 in Long Blades
  8690 | D:7      | Reached XP level 10. HP: 48/69 MP: 0/0
  9020 | D:8      | Found Orphuargh's Antique Weapon Shop.
  9326 | D:8      | Noticed Psyche
  9329 | D:8      | Killed Psyche
  9611 | D:8      | Found the +18 shield of the Gong {rElec rN+ Will+ EV-5}
  9918 | D:8      | Reached skill level 5 in Fighting
 10201 | D:8      | Bought a buzzing battleaxe for 379 gold pieces
 10201 | D:8      | Identified the +9 battleaxe of Eteuppic {elec, rN+} (You
                  | bought it in a shop on level 8 of the Dungeon)
 10216 | D:8      | Reached skill level 10 in Spellcasting
 11088 | D:4      | Bought a scroll of summoning for 133 gold pieces
 11088 | D:4      | Bought a scroll of enchant armour for 105 gold pieces
 11227 | D:9      | Noticed a two-headed ogre
 11230 | D:9      | Killed a two-headed ogre
 11231 | D:9      | Reached XP level 11. HP: 60/76 MP: 0/0
 11231 | D:9      | Learned a level 4 spell: Hailstorm
 11765 | D:9      | Found a staircase to the Lair.
 11806 | D:9      | Noticed Joseph
 11811 | D:9      | Killed Joseph
 11812 | D:9      | Reached skill level 11 in Spellcasting
 12923 | D:9      | Found a staircase to the Orcish Mines.
 13214 | D:10     | Entered Level 10 of the Dungeon
 14195 | D:11     | Noticed a manticore
 14198 | D:11     | Killed a manticore
 14545 | D:11     | Found a stormy altar of Qazlal.
 14563 | D:11     | Identified the Guide on Clay
 14765 | D:11     | Reached skill level 12 in Spellcasting
 15031 | D:11     | Reached XP level 12. HP: 70/84 MP: 0/0
 15365 | D:12     | Noticed a four-headed hydra
 15373 | D:11     | Killed a five-headed hydra
 15635 | D:11     | Reached skill level 1 in Axes
 15705 | D:12     | Noticed Frances
 15777 | Lair:1   | Entered Level 1 of the Lair of Beasts
 15795 | Lair:1   | Found a gate leading to a gauntlet.
 15816 | Gauntlet | Entered a Gauntlet
 15816 | Gauntlet | Found a transporter.
 15816 | Gauntlet | Found a runed translucent gate.
 15816 | Gauntlet | Found a transporter.
 15823 | Gauntlet | Found a transporter.
 15826 | Gauntlet | Found a runed translucent gate.
 15826 | Gauntlet | Found a runed translucent gate.
 15839 | Gauntlet | Found a transporter.
 15858 | Gauntlet | Found a transporter.
 15858 | Gauntlet | Found a transporter.
 15861 | Gauntlet | Found a transporter.
 15861 | Gauntlet | Found a transporter.
 15873 | Gauntlet | Noticed an azure jelly
 15873 | Gauntlet | Noticed a quicksilver dragon
 15873 | Gauntlet | an azure jelly changed into a quicksilver dragon
 15878 | Gauntlet | Noticed a sphinx
 15878 | Gauntlet | a quicksilver dragon changed into a sphinx
 15880 | Gauntlet | Noticed a fire giant
 15880 | Gauntlet | a sphinx changed into a fire giant
 15882 | Gauntlet | Noticed a stone giant
 15882 | Gauntlet | a fire giant changed into a stone giant
 15883 | Gauntlet | Noticed an iron troll
 15883 | Gauntlet | a stone giant changed into an iron troll
 15884 | Gauntlet | Noticed a fire giant
 15884 | Gauntlet | an iron troll changed into a fire giant
 15886 | Gauntlet | Found a transporter.
 15891 | Gauntlet | Noticed a frost giant
 15891 | Gauntlet | a fire giant changed into a frost giant
 15894 | Gauntlet | Found a transporter.
 15894 | Gauntlet | Noticed a fenstrider witch
 15894 | Gauntlet | a frost giant changed into a fenstrider witch
 15895 | Gauntlet | Noticed a stone giant
 15895 | Gauntlet | a fenstrider witch changed into a stone giant
 15904 | Gauntlet | Found a transporter.
 15904 | Gauntlet | Noticed an entropy weaver
 15905 | Gauntlet | Noticed a reaper
 15906 | Gauntlet | Noticed a minotaur
 15906 | Gauntlet | an entropy weaver changed into a minotaur
 15907 | Gauntlet | a minotaur changed into something unseen
 15911 | Gauntlet | Noticed a goliath frog
 15912 | Gauntlet | Noticed a bunyip
 15912 | Gauntlet | a goliath frog changed into a bunyip
 15919 | Gauntlet | Noticed a spark wasp
 15919 | Gauntlet | a bunyip changed into a spark wasp
 15921 | Gauntlet | Noticed a quicksilver ooze
 15921 | Gauntlet | a spark wasp changed into a quicksilver ooze
 15923 | Gauntlet | Found a transporter.
 15928 | Gauntlet | Noticed an ice dragon
 15928 | Gauntlet | a quicksilver ooze changed into an ice dragon
 15942 | Gauntlet | Found a transporter.
 15942 | Gauntlet | Found a transporter.
 15942 | Gauntlet | Noticed a soul eater
 15943 | Gauntlet | Found the necklace of Bloodlust {*Rage +Rage Will++ Int-3
                  | Slay+6}
 16023 | Gauntlet | Killed a soul eater
 16024 | Gauntlet | Reached skill level 5 in Stealth
 16303 | Gauntlet | Noticed a death drake
 16307 | Gauntlet | HP: 3/85 [small abomination (7)]
 16309 | Gauntlet | Noticed a bunyip
 16315 | Gauntlet | Noticed an alligator
 16333 | Gauntlet | an alligator changed into something unseen
 16358 | Gauntlet | Noticed an emperor scorpion
 16358 | Gauntlet | a bunyip changed into an emperor scorpion
 16385 | Gauntlet | a death drake changed into a shining eye
 16452 | Gauntlet | Noticed a seven-headed hydra
 16452 | Gauntlet | an emperor scorpion changed into a seven-headed hydra
 16454 | Gauntlet | Noticed a shock serpent
 16454 | Gauntlet | an elephant changed into a shock serpent
 16455 | Gauntlet | Noticed a deep troll
 16455 | Gauntlet | a shock serpent changed into a deep troll
 16462 | Gauntlet | Noticed a shock serpent
 16462 | Gauntlet | a deep troll changed into a shock serpent
 16462 | Gauntlet | Noticed a spark wasp
 16462 | Gauntlet | a wolf spider changed into a spark wasp
 16464 | Gauntlet | Noticed a death drake
 16464 | Gauntlet | a shock serpent changed into a death drake
 16466 | Gauntlet | Noticed a fire crab
 16466 | Gauntlet | a death drake changed into a fire crab
 16467 | Gauntlet | a fire crab changed into a cyclops
 16469 | Gauntlet | a spark wasp changed into something unseen
 16475 | Gauntlet | Noticed an ettin
 16481 | Gauntlet | Noticed a fire crab
 16481 | Gauntlet | a guardian serpent changed into a fire crab
 16484 | Gauntlet | a fire crab changed into a raiju
 16487 | Gauntlet | Noticed a goliath frog
 16487 | Gauntlet | a seven-headed hydra changed into a goliath frog
 16497 | Gauntlet | Noticed a catoblepas
 16510 | Gauntlet | Noticed a two-headed ogre
 16510 | Gauntlet | a floating eye changed into a two-headed ogre
 16511 | Gauntlet | a two-headed ogre changed into a dream sheep
 16512 | Gauntlet | an ettin changed into a slime creature
 16553 | Gauntlet | Noticed a fire crab
 16553 | Gauntlet | an orb spider changed into a fire crab
 16556 | Gauntlet | a fire crab changed into a cyclops
 16569 | Gauntlet | Noticed a quicksilver ooze
 16593 | Gauntlet | Killed a catoblepas
 16594 | Gauntlet | Reached skill level 1 in Shields
 16595 | Gauntlet | Killed a quicksilver ooze
 16629 | Gauntlet | Noticed a glowing orange brain
 16629 | Gauntlet | a shining eye changed into a glowing orange brain
 16632 | Gauntlet | a glowing orange brain changed into a snapping turtle
 16657 | Gauntlet | Identified the +0 helmet of the Gloaming {Drain rC- Slay+5
                  | SInv}
 16921 | Gauntlet | Noticed a minotaur
 16952 | Gauntlet | Killed a minotaur
 17315 | Gauntlet | Identified the +0 chain mail of Fazeeh {Str+4 SInv}
 17315 | Gauntlet | Identified the Catalogue of the Dusty Glacier
 17315 | Gauntlet | Identified the +4 dagger of Courage {vorpal, rPois rN+
                  | Dex+6}
 17784 | Lair:1   | Found a blossoming altar of Fedhas.
 17794 | Lair:1   | Noticed an eight-headed hydra
 17822 | Lair:1   | Killed an eight-headed hydra
 18207 | Lair:1   | Reached skill level 13 in Spellcasting
 18698 | Lair:1   | Reached XP level 13. HP: 87/92 MP: 0/0
 18698 | Lair:1   | Learned a level 5 spell: Lightning Bolt
 18808 | Lair:1   | Noticed Harold
 18826 | Lair:1   | Killed Harold
 19114 | Lair:1   | Found the +8 whip "Snakebite" {curare, rPois}
 20777 | Lair:2   | Found a staircase to the Snake Pit.
 21225 | Lair:3   | Reached skill level 14 in Spellcasting
 21584 | Lair:3   | Found a runed translucent gate.
 21584 | Lair:3   | Found a runed translucent gate.
 22119 | Lair:3   | Found a runed translucent gate.
 22122 | Lair:3   | Noticed Tulew's ghost (journeyman NaTm)
 22122 | Lair:3   | Noticed Nieclary's ghost (journeyman TrTm)
 22122 | Lair:3   | Noticed Nieclary's ghost (journeyman TrTm)
 22122 | Lair:3   | Noticed Boykkour's ghost (journeyman PaFi)
 22122 | Lair:3   | Noticed Xiut's ghost (journeyman MiBe)
 22125 | Lair:3   | Found the +4 skin of Zhor {*Englaciate rC+++ SInv}
 22254 | Lair:3   | Killed Xiut's ghost
 22270 | Lair:3   | Killed Nieclary's ghost
 23145 | Lair:3   | Killed Nieclary's ghost
 23273 | Lair:3   | Mangled by Boykkour's ghost

Illustrated notes

Levels and vault maps discovered:
D:1:      minmay_arrival_open_corners, layout_basic, minmay_misc_feat_x,
          amcnicky_mini_corridor_feature
D:2:      layout_rooms
D:3:      layout_basic, grunt_temple_overflow_open, uniq_natasha, uniq_grinder,
          uniq_crazy_yiuf_cottage
D:4:      layout_basic, serial_shops, nicolae_shop_stone, lightli_corner_chamber
D:5:      layout_cave_pods, kennysheep_mini, minitemple,
          minmay_temple_entry_antechambers, minmay_gold_behind_fungi
D:6:      layout_loops_cross, kennysheep_little_box, grunt_decor_resistance
D:7:      layout_loops_corners
D:8:      layout_basic, serial_shops, nicolae_shop_statue_plus,
          kennysheep_diamond, uniq_psyche
D:9:      layout_roguey, grunt_lair_entry_orc_guard_hut, erik_orc_1, uniq_joseph
D:10:     layout_loops_ring, kennysheep_another_room
D:11:     layout_loops_cross, nicolae_qazlal_style_of_elements
D:12:     layout_roguey, uniq_frances
Lair:1:   minmay_guarded_unrand_snakebite, layout_cave_pods,
          gauntlet_entry_generic, basic_altar, chequers_serial_rivers_room_b,
          grunt_megastairs_3, uniq_harold
Lair:2:   layout_chaotic_city, guppyfry_snake_entry_garden, beast_lair_carwin_3
Lair:3:   layout_regular_city, gammafunk_ghost_cemetery

Skill      XL: |  1  2  3  4  5  6  7  8  9 10 11 12 13 |
---------------+----------------------------------------+-----
Spellcasting   | 3 4 5 6 7 9 10 12 13 14 | 14.3
Fighting       | 1 2 3 4 5 6 8 |  8.6
Stealth        | 2 4 5 |  5.5
Long Blades    | 1 2 |  2.9
Dodging        | 3 4 |  4.7
Axes           | 1 |  1.2
Shields        | 3 |  3.7
Evocations     | |  0.1

Action                   |  1- 3 |  4- 6 |  7- 9 | 10-12 | 13-15 || total
-------------------------+-------+-------+-------+-------+-------++-------
Melee: Long sword        |       |       |    10 |       |       ||    10
       Battleaxe         |       |       |       |     9 |       ||     9
       Scimitar          |       |       |       |    15 |    23 ||    38
       Whip              |       |       |       |       |     3 ||     3
 Cast: Foxfire           |    67 |    98 |   111 |    17 |       ||   293
       Sticky Flame      |       |     2 |     8 |    32 |    11 ||    53
       Fireball          |       |       |    33 |   171 |    76 ||   280
       Conjure Flame     |       |       |     2 |     1 |       ||     3
       Summon Guardian G |       |       |       |    11 |    30 ||    41
       Hailstorm         |       |       |       |     1 |       ||     1
Evoke: Lightning rod     |       |       |       |     1 |     4 ||     5
  Use: Potion            |       |     1 |       |     7 |     4 ||    12
       Scroll            |       |       |     7 |     5 |     2 ||    14
 Stab: Sleeping          |       |       |     2 |       |       ||     2
       Distracted        |       |       |       |     1 |       ||     1
Armor: Robe              |    10 |     3 |     3 |    22 |     3 ||    41
Dodge: Dodged            |    24 |    10 |    17 |    22 |     2 ||    75
Block: Kite shield       |       |       |       |    61 |    52 ||   113
       Rpst.: Long sword |       |       |     6 |     1 |       ||     7
       Scimitar          |       |       |       |       |     1 ||     1

Table legend: (Time is in decaauts)
 A = Elapsed time spent in this place.
 B = Non-inter-level travel time spent in this place.
 C = Inter-level travel time spent in this place.
 D = Time resting spent in this place.
 E = Time spent auto-exploring this place.
 F = Levels seen in this place.
 G = Mean time per level.
                   A        B        C        D        E       F      G
               +--------+--------+--------+--------+--------+-----+--------+
         Total |  23285 |  22135 |   1150 |   3551 |  16292 |  16 | 1455.3 |
       Dungeon |  15800 |  14807 |    993 |   1601 |  11936 |  12 | 1316.7 |
          Lair |   5937 |   5780 |    157 |   1185 |   3891 |   3 | 1979.0 |
      Gauntlet |   1547 |   1547 |      0 |    765 |    464 |   1 | 1547.0 |
               +--------+--------+--------+--------+--------+-----+--------+

Top non-repeatable levels by time:
  Lair:1: 2149 daAuts
  Lair:2: 2121 daAuts
     D:8: 2055 daAuts
     D:7: 1996 daAuts
     D:9: 1761 daAuts
    D:11: 1736 daAuts
  Lair:3: 1667 daAuts
     D:1: 1559 daAuts
Gauntlet: 1547 daAuts
     D:3: 1538 daAuts
     D:6: 1379 daAuts
     D:5: 1155 daAuts
     D:2: 1069 daAuts
    D:10: 807 daAuts
     D:4: 724 daAuts
